 Dungeon Crawl Stone Soup version 0.30-a0-743-gbfdf073431 (webtiles) character file.

Game seed: 7615880870953628829

3922 M4edhros the Martial Artist (level 10, -2/71 HPs)
             Began as an Octopode Delver on Feb 5, 2023.
             Was an Elder of Cheibriados.
             Slain by a gnoll sergeant
             ... wielding a +0 trident
              (11 damage)
             ... on level 8 of the Dungeon.
             The game lasted 00:17:58 (3335 turns).

M4edhros the Martial Artist (Octopode Delver)       Turns: 3335, Time: 00:17:58

Health: -2/71      AC:  1    Str: 20 (21) XL:     10   Next: 20%
Magic:  13/13      EV: 20    Int: 21 (23) God:    Cheibriados [****..]
Gold:   311        SH:  0    Dex: 29 (32) Spells: 5/9 levels left

rFire   . . .      SeeInvis .      - Unarmed
rCold   . . .      Faith    .    (no shield)
rNeg    . . .      Spirit   .    (helmet restricted)
rPois   .          Reflect  .    w - amulet of magic regeneration
rElec   .          Harm     .    l - +6 ring of dexterity
rCorr   .          Rampage  .    (no ring)
Will    .....      Clarity  +    (no ring)
Stlth   +++++                    (no ring)
HPRegen 0.31/turn                (no ring)
MPRegen 0.53/turn                (no ring)
                                 (no ring)
                                 (no ring)

@: very slow
A: almost no armour, amphibious, 8 rings, camouflage 1, gelatinous body 1,
(nimble swimmer 1), tentacles, clarity, clumsy 1
a: Renounce Religion, Bend Time, Temporal Distortion, Slouch


You were on level 8 of the Dungeon.
You worshipped Cheibriados.
Cheibriados was greatly pleased with you.
You visited 2 branches of the dungeon, and saw 9 of its levels.

You collected 476 gold pieces.
You spent 165 gold pieces at shops.

Inventory:

Missiles
 i - 6 poisoned darts (quivered)
 n - 6 atropa-tipped darts
Jewellery
 l - a +6 ring of dexterity (left tentacle)
 w - an amulet of magic regeneration (around mantle)
Wands
 e - a wand of digging (3)
 h - a wand of polymorph (5)
Scrolls
 a - 2 scrolls of fog
 b - 2 scrolls of magic mapping
 c - a scroll of enchant armour
 j - 5 scrolls of teleportation
 o - 2 scrolls of torment
 u - 2 scrolls of poison {unknown}
 x - a scroll of enchant weapon {unknown}
Potions
 d - a potion of haste
 f - 2 potions of mutation
 k - 2 potions of brilliance
 m - a potion of flight
 p - a potion of attraction
 t - a potion of cancellation
 v - a potion of ambrosia {unknown}


   Skills:
 + Level 7.5 Fighting
 + Level 7.1 Dodging
 - Level 6.6 Stealth
 - Level 10.0 Unarmed Combat
 - Level 2.0 Translocations
 - Level 4.0 Invocations


You had 5 spell levels left.
You knew the following spells:

 Your Spells              Type           Power      Damage    Failure   Level
a - Blink                 Tloc           16%        N/A       12%         2
b - Momentum Strike       Conj/Tloc      8%         3d8       19%         2

Your spell library contained the following spells:

 Spells                   Type           Power      Damage    Failure   Level
 Lesser Beckoning         Tloc           16%        N/A       12%         2


Dungeon Overview and Level Annotations

Branches:
Dungeon (8/15)             Temple (1/1) D:6
   Lair: D:8-11

Altars:
Cheibriados
Dithmenos
Elyvilon
Fedhas
Gozag
Hepliaklqana
Makhleb
Nemelex Xobeh
Okawaru
Qazlal
Sif Muna
Trog
Uskayaw
Vehumet
Xom
Yredelemnul

Shops:
D:5 *


Innate Abilities, Weirdness & Mutations

You cannot wear most types of armour.
You are amphibious.
You can wear up to eight rings at the same time.
Your skin changes colour to match your surroundings (Stealth+).
Your rubbery body absorbs attacks. (AC +1, EV +1)
((You are camouflaged when in or above water. (Stealth+)))
You have tentacles for arms and can constrict up to eight enemies at once.
You possess an exceptional clarity of mind.
You are clumsy. (Dex -2)


Message History

The ice beast hits you. The ice beast freezes you!
You bludgeon the ice beast!
You kill the ice beast!
Cheibriados thoroughly appreciates the change of pace.
The gnoll shouts!
You hear a shout!
The gnoll zaps a wand.
The mass of ice explodes!
The iceblast engulfs you!
* * * LOW HITPOINT WARNING * * *
You hear an angry growl.
You hear a howl!
Things that are here:
a +0 club; a gnoll corpse You closely miss the gnoll.
You grab the gnoll. You tentacle-slap the gnoll. You squeeze the gnoll.
The gnoll is severely wounded.
You constrict the gnoll. You bludgeon the gnoll!
You kill the gnoll!
Cheibriados appreciates the change of pace.
A gnoll sergeant comes into view. It is wielding a +0 trident.
Aiming: Polymorph
Press: ? - help, Shift-Dir - straight line, f - gnoll sergeant
Aim: a gnoll sergeant, wielding a +0 trident, wearing a +0 ring mail and wearing a ring of willpower (will become a scorpion, a boggart, or a steam dragon, chance to affect: 17%)
Okay, then.
Aiming: Polymorph
Press: ? - help, Shift-Dir - straight line, f - gnoll sergeant
Aim: a gnoll sergeant, wielding a +0 trident, wearing a +0 ring mail and wearing a ring of willpower (will become a scorpion, a boggart, or a steam dragon, chance to affect: 17%)
The gnoll sergeant resists with almost no effort.
The gnoll sergeant closely misses you.
Aiming: Polymorph
Press: ? - help, Shift-Dir - straight line, f/p - gnoll sergeant
Aim: a gnoll sergeant, wielding a +0 trident, wearing a +0 ring mail and wearing a ring of willpower (will become a scorpion, a boggart, or a steam dragon, chance to affect: 17%)
The gnoll sergeant resists with almost no effort.
The gnoll sergeant hits you from afar with a +0 trident!
* * * LOW HITPOINT WARNING * * *
A gnoll comes into view. It is wielding a +0 spear.
Aiming: Polymorph
Press: ? - help, Shift-Dir - straight line, f/p - gnoll sergeant
Aim: a gnoll sergeant, wielding a +0 trident, wearing a +0 ring mail and wearing a ring of willpower (will become a scorpion, a boggart, or a steam dragon, chance to affect: 17%)
The gnoll sergeant resists with almost no effort.
The gnoll sergeant hits you from afar with a +0 trident!
You die...

#...# ..... #..####
...S. #...# z...
.~#.....#####..~~.
#.......
§..Y...##.#.......~.
.....#
...~##.##.#...[..~≈.
.....# ...≈≈
#...........≈~≈
.....# ~.~≈
#####.#.....≈≈≈≈
#.####...#.#....~.≈≈~
......g))..###..~.~≈.
#.#.##@### ..~Z.~.
#.# ..~..≈. #.#
#..~.~~ #)# ....~~
..# .... ####


You could see a gnoll sergeant.

Vanquished Creatures
  Maggie (D:6)
  Psyche (D:8)
  A polar bear (D:8)
  Grinder (D:3)
  An unseen horror simulacrum (D:8)
  A steam dragon (D:8)
  Menkaure (D:6)
  An acid dragon (D:8)
  3 ice beasts
  An orc warrior (D:7)
  A wolf (D:8)
  A boggart (D:8)
  4 ogres
  A centaur (D:6)
  A kobold brigand (D:6)
  2 bullfrogs
  A necrophage (D:6)
  2 scorpions
  5 killer bees (D:8)
  A howler monkey (D:5)
  A wyvern simulacrum (D:8)
  A jelly (D:5)
  3 orc priests
  3 hounds (D:5)
  Jessica (D:3)
  2 iguanas
  9 orc wizards
  A centaur simulacrum (D:8)
  12 gnolls
  9 adders
  2 white imps
  An ufetubus (D:8)
  A worm (D:2)
  2 dart slugs
  36 orcs
  6 bats
  4 endoplasms
  3 giant cockroaches
  5 goblins
  6 hobgoblins
  5 quokkas
  13 ball pythons
  3 frilled lizards
  9 kobolds
  4 rats
173 creatures vanquished.

Vanquished Creatures (others)
  2 kobolds (D:6)
  6 plants
8 creatures vanquished.

Grand Total: 181 creatures vanquished

Notes
Turn   | Place    | Note
-------+----------+-------------------------------------------
     0 | D:5      | M4edhros the Octopode Delver began the quest for the Orb.
     0 | D:5      | Reached XP level 1. HP: 16/16 MP: 1/1
     5 | D:6      | Noticed a lemure
     5 | D:6      | Noticed a lemure
    24 | D:6      | Found a staircase to the Ecumenical Temple.
    33 | Temple   | Entered the Ecumenical Temple
    89 | Temple   | Became a worshipper of Xom the Fickle
   102 | Temple   | Fell from the grace of Xom
   102 | Temple   | Became a worshipper of Cheibriados the Contemplative
   167 | D:6      | Noticed Maggie
   183 | D:6      | Was placed under penance by Cheibriados
   203 | D:5      | Noticed an ogre
   206 | D:5      | Killed an ogre
   207 | D:5      | Reached skill level 4 in Unarmed Combat
   207 | D:5      | Reached XP level 2. HP: 21/21 MP: 2/2
   207 | D:5      | Reached XP level 3. HP: 26/26 MP: 3/3
   207 | D:5      | Reached XP level 4. HP: 31/31 MP: 4/4
   225 | D:4      | Noticed a scorpion
   229 | D:4      | Killed a scorpion
   230 | D:4      | Reached skill level 5 in Unarmed Combat
   230 | D:4      | Reached XP level 5. HP: 36/36 MP: 5/5
   251 | D:3      | Was forgiven by Cheibriados
   291 | D:3      | Noticed Grinder
   295 | D:3      | Killed Grinder
   296 | D:3      | Reached skill level 6 in Unarmed Combat
   296 | D:3      | Reached XP level 6. HP: 41/42 MP: 6/6
   409 | D:2      | XOM: repel stairs
   446 | D:2      | XOM: 1-stop teleportation journey
   751 | D:1      | XOM: torment (22/42 hp)
   788 | D:1      | Reached * piety under Cheibriados
   955 | D:2      | Reached skill level 7 in Unarmed Combat
  1071 | D:3      | Found a stormy altar of Qazlal.
  1104 | D:3      | Noticed Jessica
  1110 | D:3      | Killed Jessica
  1185 | D:3      | Reached XP level 7. HP: 45/46 MP: 7/7
  1242 | D:3      | XOM: noise
  1379 | D:4      | XOM: give mutation
  1379 | D:4      | Gained mutation: You are clumsy. (Dex -2) [Xom's mischief]
  1539 | D:4      | XOM: give mutations
  1539 | D:4      | Gained mutation: You are weak. (Str -2) [Xom's mischief]
  1539 | D:4      | Gained mutation: You are dopey. (Int -2) [Xom's mischief]
  1556 | D:4      | Reached ** piety under Cheibriados
  1577 | D:4      | XOM: noise
  1832 | D:5      | Learned a level 2 spell: Blink
  1866 | D:5      | Reached skill level 8 in Unarmed Combat
  1866 | D:5      | Reached skill level 1 in Translocations
  1895 | D:5      | Found an opulent altar of Gozag.
  1998 | D:5      | Reached XP level 8. HP: 26/52 MP: 8/8
  2199 | D:5      | Reached skill level 9 in Unarmed Combat
  2202 | D:5      | Reached *** piety under Cheibriados
  2228 | D:5      | Found Fitad's Assorted Antiques.
  2238 | D:5      | Bought a glowing grey potion for 17 gold pieces
  2238 | D:5      | Bought a scroll of teleportation for 57 gold pieces
  2238 | D:5      | Bought 2 fizzy silvery potions for 34 gold pieces
  2238 | D:5      | Bought a scroll of teleportation for 57 gold pieces
  2391 | D:6      | Noticed Menkaure
  2401 | D:6      | Killed Menkaure
  2402 | D:6      | Reached skill level 10 in Unarmed Combat
  2449 | D:6      | Identified the +1 ring mail "Luhukkao" {Int+2 Dex+5}
  2486 | D:6      | Lost mutation: You are dopey. (Int -2) [potion of mutation]
  2486 | D:6      | Lost mutation: You are weak. (Str -2) [potion of mutation]
  2486 | D:6      | Gained mutation: You have an increased reservoir of magic.
                  | (+10% MP) [potion of mutation]
  2486 | D:6      | Lost mutation: You have an increased reservoir of magic.
                  | (+10% MP) [potion of mutation]
  2486 | D:6      | Gained mutation: You possess an exceptional clarity of
                  | mind. [potion of mutation]
  2511 | D:6      | Killed Maggie
  2512 | D:6      | Reached XP level 9. HP: 40/60 MP: 9/9
  2515 | D:6      | Reached skill level 5 in Fighting
  2521 | D:6      | Reached **** piety under Cheibriados
  2717 | D:7      | Found a burning altar of Makhleb.
  2801 | D:7      | XOM: silly message
  2806 | D:7      | Found a runed translucent door.
  2820 | D:7      | Reached skill level 1 in Invocations
  2867 | D:7      | Reached skill level 5 in Dodging
  2893 | D:7      | Learned a level 2 spell: Momentum Strike
  2900 | D:7      | Reached ***** piety under Cheibriados
  3168 | D:8      | Noticed a polar bear
  3173 | D:8      | XOM: noise
  3175 | D:8      | Killed a polar bear
  3180 | D:8      | Noticed Psyche
  3182 | D:8      | Reached XP level 10. HP: 27/69 MP: 5/13
  3186 | D:8      | Killed Psyche
  3335 | D:8      | Slain by a gnoll sergeant

Illustrated notes

Levels and vault maps discovered:
D:1:      dpeg_arrival_yet_another_circle, layout_basic, serial_forest,
          infiniplex_forest_clump_medium, infiniplex_forest_clump_diagonal,
          infiniplex_forest_end_1, infiniplex_forest_clump_double,
          infiniplex_forest_clump_diagonal, infiniplex_forest_clump_large,
          minmay_surrounded
D:2:      layout_basic, shapermc_ecumenical_altar_mp_vishouse
D:3:      minmay_wonky_spiral, layout_basic, nicolae_overflow_crystal_walls,
          chequers_serial_rivers_room_b, uniq_jessica, uniq_grinder
D:4:      layout_loops_cross, marbit_many_paths, kennysheep_opposing_triangles
D:5:      layout_cave_pools, grunt_gozag_breadcrumbs, serial_shops,
          nicolae_lakefront_shop
D:6:      layout_cave_pools, minmay_temple_entry_gardened_gates, serial_glass,
          glass_columns_c, glass_columns_b, feat_on_display,
          columned_hall_lemuel, grunt_decor_clamped, uniq_maggie, uniq_menkaure,
          uniq_crazy_yiuf_cottage, uniq_pikel
D:7:      layout_loops_corners, tgw_kikubaaqudgha,
          mainiacjoe_overflow_cross_hatched, minmay_splitting_lines,
          lightli_church_of_beogh
D:8:      layout_loops_cross, serial_ice, serial_ice_g, serial_ice_d,
          serial_ice_m, serial_ice_e, serial_ice_k, serial_ice_a, serial_ice_o,
          serial_ice_c, serial_ice_h, serial_ice_f, kennysheep_kite_vault,
          uniq_psyche, uniq_erica
Temple:   nicolae_temple_god_jail

Skill      XL: |  1  2  3  4  5  6  7  8  9 10 |
---------------+-------------------------------+-----
Unarmed Combat | 4 5 6 7 8 10 | 10.0
Translocations | 2 |  2.0
Dodging        | 4 6 7 |  7.1
Fighting       | 4 6 7 |  7.5
Invocations    | 4 |  4.0
Stealth        | |  6.6

Action                     |  1- 3 |  4- 6 |  7- 9 | 10-12 || total
---------------------------+-------+-------+-------+-------++-------
  Melee: Unarmed           |       |    85 |   194 |    24 ||   303
         Constrict         |       |    18 |    51 |     4 ||    73
         Tentacles         |       |    18 |    47 |     6 ||    71
         Punch             |       |     1 |    13 |     2 ||    16
 Invoke: Slouch            |       |       |     2 |     1 ||     3
  Evoke: Wand              |     2 |     3 |    12 |     9 ||    26
    Use: Scroll            |     1 |       |     7 |       ||     8
         Potion            |     1 |       |    16 |     2 ||    19
   Stab: Sleeping          |       |    20 |    11 |       ||    31
 Armour: Skin              |       |    10 |    12 |     4 ||    26
  Dodge: Dodged            |     2 |    41 |   109 |    13 ||   165

Table legend: (Time is in decaauts)
 A = Elapsed time spent in this place.
 B = Non-inter-level travel time spent in this place.
 C = Inter-level travel time spent in this place.
 D = Time resting spent in this place.
 E = Time spent auto-exploring this place.
 F = Levels seen in this place.
 G = Mean time per level.
                   A        B        C        D        E       F      G
               +--------+--------+--------+--------+--------+-----+--------+
         Total |   4468 |   4040 |    428 |    128 |     69 |   9 |  496.4 |
       Dungeon |   4375 |   3967 |    408 |    128 |     69 |   8 |  546.9 |
        Temple |     92 |     72 |     20 |      0 |      0 |   1 |   92.0 |
               +--------+--------+--------+--------+--------+-----+--------+

Top non-repeatable levels by time:
     D:7: 849 daAuts
     D:5: 690 daAuts
     D:4: 625 daAuts
     D:2: 580 daAuts
     D:3: 526 daAuts
     D:6: 427 daAuts
     D:1: 393 daAuts
     D:8: 281 daAuts
  Temple: 92 daAuts
